 Dungeon Crawl Stone Soup version 0.23.2-1-ga50397a (webtiles) character file.

Game seed: 2203991369305576077

772 sankara the Chiller (level 7, 0/50 HPs)
             Began as a Ghoul Ice Elementalist on May 2, 2019.
             Slain by an orc warrior
             ... wielding a +1 war axe of distortion
              (12 damage)
             ... on level 6 of the Dungeon on May 3, 2019.
             The game lasted 01:05:52 (5821 turns).

sankara the Chiller (Ghoul Ice Elementalist)        Turns: 5821, Time: 01:05:53

Health: 0/50       AC:  2    Str: 12      XL:     7   Next: 83%
Magic:  6/11       EV: 11    Int: 12      God:
Gold:   267        SH:  0    Dex:  5 (9)  Spells: 5/13 levels left

rFire    . . .     SeeInvis .   e - +1 short sword (venom)
rCold    + . .     Gourm    .   (no shield)
rNeg     + + +     Faith    .   a - +0 robe
rPois    ∞         Spirit   .   (no helmet)
rElec    .         Reflect  .   (no cloak)
rCorr    .         Harm     .   (no gloves)
MR       .....                  (no boots)
Stlth    ++........             (no amulet)
HPRegen  0.00/turn              (no ring)
MPRegen  0.12/turn              (no ring)

@: rotting
A: rotting body, claws 1, carnivore, cold resistance 1, negative energy
resistance 3, inhibited regeneration, torment resistance, unbreathing
a: no special abilities


You were on level 6 of the Dungeon.
You were not hungry.

You visited 1 branch of the dungeon, and saw 6 of its levels.

You collected 267 gold pieces.

Inventory:

Hand Weapons
 e - a +1 short sword of venom (weapon)
   (You took it off a kobold on level 1 of the Dungeon)
 g - a +0 dagger
   (You took it off a goblin on level 1 of the Dungeon)
 r - a +0 war axe of freezing
   (You took it off an orc on level 3 of the Dungeon)
Missiles
 d - 135 stones
 j - 22 poisoned needles
 s - 4 tomahawks of returning (quivered)
Armour
 a - a +0 robe (worn)
Jewellery
 f - an uncursed ring of wizardry {Wiz+, !d}
   (You found it on level 1 of the Dungeon)
Scrolls
 b - 2 scrolls of enchant weapon {unknown}
 k - a scroll of enchant armour
 l - 5 scrolls of teleportation {unknown}
 o - a scroll of amnesia {unknown}
 p - 2 scrolls of immolation {unknown}
 x - 3 scrolls of magic mapping {unknown}
 y - a scroll of silence
 z - a scroll of blinking {unknown}
 A - a scroll of fear {unknown}
Potions
 i - a potion of lignification
 m - a potion of mutation
 n - 4 potions of curing
 q - 2 potions of heal wounds
 t - a potion of cancellation
 v - a potion of ambrosia
 w - a potion of brilliance
Comestibles
 c - 8 rations
 h - 3 chunks of flesh {@w0}


   Skills:
 - Level 1.7 Dodging
 + Level 5.6 Stealth
 + Level 3.9 Spellcasting
   Level 0.7 Conjurations
 - Level 3.0 Charms
 + Level 5.8 Ice Magic


You had 5 spell levels left.
You knew the following spells:

 Your Spells              Type           Power        Failure   Level  Hunger
a - Freeze                Ice            ###.         1%          1    #......
b - Ozocubu's Armour      Chrm/Ice       ##......     11%         3    ###....
c - Summon Ice Beast      Ice/Summ       #.......     54%         4    #####..

Your spell library contained the following spells:

 Spells                   Type           Power        Failure   Level  Hunger
 Throw Frost              Conj/Ice       ##....       9%          2    ##.....
 Throw Icicle             Conj/Ice       ##......     50%         4    #####..


Dungeon Overview and Level Annotations

Branches:
Dungeon (6/15)
 Temple: D:4-7

Altars:
Gozag
Hepliaklqana
Makhleb
Nemelex Xobeh
Qazlal
Ru
Yredelemnul

Annotations:
D:2 exclusion: Jessica, Jessica
D:5 3 runed translucent doors, shugdite's ghost, novice MiBe


Innate Abilities, Weirdness & Mutations

Your body is rotting away.
You thrive on raw meat.
You are immune to poison.
You have sharp fingernails.
You are carnivorous and can eat meat at any time.
Your flesh is cold resistant. (rC+)
You are immune to negative energy. (rN+++)
You do not regenerate when monsters are visible.
You are immune to unholy pain and torment.
You can survive without breathing.


Message History

g - Guard the area. f - Follow me.
Anything else - Cancel.
Gang up on whom?
Press: ? - help, Dir - move target cursor, f - ogre
Aim: an ogre, wielding a +0 giant club (resting) Attack!
Your ice beast hits the ogre.
Your ice beast freezes the ogre.
The ogre shouts!
The ogre barely misses your ice beast.
Your ice beast hits the ogre.
Your ice beast freezes the ogre!
The ogre hits your ice beast with a +0 giant club!
Your ice beast barely misses the ogre.
There are no items here.
There are no items here.
There are no items here.
There are no items here.
The ogre hits your ice beast with a +0 giant club!
Your ice beast dies!
Throwing (i - inventory. (/) - cycle)
s - 4 tomahawks of returning (quivered)
Press: ? - help, Shift-Dir - straight line, f/p - ogre
Aim: an ogre, wielding a +0 giant club (severely wounded)
You throw a tomahawk of returning.
The tomahawk of returning hits the ogre.
The ogre is severely wounded.
The tomahawk of returning fails to return to your pack!
Throwing (i - inventory. (/) - cycle)
s - 3 tomahawks of returning (quivered)
Press: ? - help, Shift-Dir - straight line, f/p - ogre
Aim: an ogre, wielding a +0 giant club (severely wounded)
You throw a tomahawk of returning.
The tomahawk of returning hits the ogre.
The ogre is almost dead.
The tomahawk of returning fails to return to your pack!
Throwing (i - inventory. (/) - cycle)
s - 2 tomahawks of returning (quivered)
Press: ? - help, Shift-Dir - straight line, f/p - ogre
Aim: an ogre, wielding a +0 giant club (almost dead)
You throw a tomahawk of returning.
The tomahawk of returning hits the ogre.
You kill the ogre!
You feel your dexterity returning.
The tomahawk of returning fails to return to your pack!
s - 2 tomahawks of returning (gained 1)
Things that are here:
a +0 giant club; an ogre corpse You butcher the ogre corpse.
h - 6 chunks of flesh {@w0}
Things that are here:
a +0 giant club; an ogre skeleton
s - 3 tomahawks of returning (gained 1)
s - 4 tomahawks of returning (gained 1) Eating one of 6 chunks of flesh {@w0}.
You eat one of the 6 chunks of flesh {@w0}.
You feel more resilient.
This raw flesh tastes great!
Eating one of 5 chunks of flesh {@w0}.
You eat one of the 5 chunks of flesh {@w0}.
You feel more resilient.
This raw flesh tastes great!
Eating one of 4 chunks of flesh {@w0}.
You eat one of the 4 chunks of flesh {@w0}.
You feel more resilient.
This raw flesh tastes great!
Magic restored.
Things that are here:
a +0 giant club; an ogre skeleton A hound comes into view.
Casting: Summon Ice Beast (very dangerous; 56% risk of failure)
Confirm with . or Enter, or press ? or * to list all spells.
A film of ice covers your body!
Your icy armour cracks and falls away as you move.
The hound barks!
You hear a shout! x3
A crimson imp comes into view.
The hound misses you. The hound closely misses you.
You closely miss the hound. The hound bites you.
You barely miss the hound. The hound bites you. The hound barely misses you.
You hit the hound.
The hound is poisoned.
The hound is moderately wounded.
The hound bites you. x2
You barely miss the hound.
The hound is heavily wounded.
The hound closely misses you.
An orc warrior comes into view.
It is wielding a +1 war axe of distortion.
The crimson imp blinks!
The hound barely misses you.
The crimson imp blinks!
An orc wizard comes into view. It is wielding a +2 dagger of venom.
The hound bites you. The hound bites you. The hound misses you.
Casting: Ozocubu's Armour (safe; 11% risk of failure)
Confirm with . or Enter, or press ? or * to list all spells.
The spell is very dangerous to cast (56% risk of failure)!
Continue anyway?
A chill wind blows around you. The hound barely misses you.
The hound completely misses you.
You barely miss the hound.
The hound is almost dead.
The hound bites you.
The crimson imp blinks!
Your ice beast closely misses the hound.
The hound barely misses you.
You hit the hound.
You kill the hound!
The orc warrior hits you with a +1 war axe of distortion!
* * * LOW HITPOINT WARNING * * *
Space warps horribly around you!
You die...

###.#....... .........##
##.......... #.. #........#
#.. #...#....# #(#
#.....#+# ... #.#.#.#.#
#.####Y#.#...# .####
#.#.o†o@....##
....o.###.#.###......#
#......§#.#.#.###..#
....)...#.5.#...).#..#
........5.#.#...#.#..######
.#........#.#####.#.<.....#
+........#.......#.#####.#
###.###(.#########.....#.#
#. #... #....#.#.#


You could see an orc warrior, an orc wizard and a friendly ice beast.

Vanquished Creatures
  2 ogres
  2 scorpions
  A crimson imp (D:4)
  A jelly (D:5)
  A quasit (D:5)
  2 orc priests
  A bullfrog skeleton (D:5)
  2 hounds
  An orc wizard (D:4)
  2 centaur skeletons (D:5)
  2 worker ants (D:5)
  A hound skeleton (D:5)
  A worker ant zombie (D:5)
  7 adders
  A shadow imp (D:5)
  An ooze (D:2)
  2 adder skeletons (D:4)
  A worm (D:3)
  A dart slug (D:5)
  A leopard gecko (D:2)
  10 orcs
  5 giant cockroaches
  6 goblins
  4 hobgoblins
  6 jackals
  3 quokkas
  A ball python (D:1)
  8 bats
  4 frilled lizards
  4 kobolds
  A leopard gecko skeleton (D:5)
  8 rats
  A spectral orc (D:2)
94 creatures vanquished.

Notes
Turn   | Place    | Note
-------+----------+-------------------------------------------
     0 | D:1      | sankara the Ghoul Ice Elementalist began the quest for the
                  | Orb.
     0 | D:1      | Reached XP level 1. HP: 14/14 MP: 2/2
   180 | D:1      | Reached XP level 2. HP: 19/19 MP: 1/3
   201 | D:1      | Reached skill level 2 in Spellcasting
   319 | D:1      | HP: 4/20 [jackal (2)]
   652 | D:1      | Reached XP level 3. HP: 25/26 MP: 3/5
   940 | D:2      | Reached skill level 3 in Stealth
  1082 | D:2      | Learned a level 3 spell: Ozocubu's Armour
  1248 | D:2      | Found a basalt altar of Yredelemnul.
  1429 | D:2      | Found a sparkling altar of Nemelex Xobeh.
  1429 | D:2      | Noticed Jessica
  1478 | D:2      | Reached skill level 4 in Ice Magic
  1735 | D:2      | Found a burning altar of Makhleb.
  1735 | D:2      | Found a hazy altar of Hepliaklqana.
  1739 | D:2      | Reached XP level 4. HP: 27/30 MP: 6/6
  2304 | D:3      | Found a sacrificial altar of Ru.
  2305 | D:3      | Found a stormy altar of Qazlal.
  2660 | D:4      | Reached skill level 1 in Charms
  2660 | D:4      | Reached XP level 5. HP: 18/38 MP: 3/8
  3051 | D:4      | HP: 8/38 [orc priest/+0 dagger (2)]
  3053 | D:4      | Reached skill level 4 in Stealth
  3055 | D:4      | Reached skill level 3 in Spellcasting
  3247 | D:4      | Learned a level 4 spell: Summon Ice Beast
  3343 | D:4      | Noticed an ogre
  3365 | D:4      | Killed an ogre
  3365 | D:4      | Reached XP level 6. HP: 45/45 MP: 4/9
  3522 | D:5      | Entered Level 5 of the Dungeon
  3567 | D:5      | Reached skill level 2 in Charms
  3588 | D:5      | Reached skill level 5 in Ice Magic
  3610 | D:5      | Found an opulent altar of Gozag.
  3858 | D:5      | HP: 11/45 [quasit (1)]
  3864 | D:5      | HP: 6/45 [worker ant (3)]
  3866 | D:5      | Reached XP level 7. HP: 6/50 MP: 6/11
  4214 | D:5      | HP: 12/48 [phantom (4)]
  4217 | D:5      | HP: 2/48 [shot self (9)]
  4249 | D:4      | HP: 12/50 [hound (2)]
  4252 | D:4      | Reached skill level 5 in Stealth
  4254 | D:4      | HP: 8/50 [adder (1)]
  5160 | D:5      | Found a runed translucent gate.
  5160 | D:5      | Found a runed translucent gate.
  5160 | D:5      | Found a runed translucent gate.
  5161 | D:5      | Noticed shugdite's ghost (novice MiBe)
  5693 | D:6      | Reached skill level 3 in Charms
  5821 | D:6      | HP: 12/50 [orc warrior/+1 war axe of distortion (15)]
  5821 | D:6      | Slain by an orc warrior

Skill      XL: |  1  2  3  4  5  6  7 |
---------------+----------------------+-----
Spellcasting   | 2 3 |  3.9
Stealth        | 3 4 5 |  5.6
Ice Magic      | 4 5 |  5.8
Charms         | 1 2 3 |  3.0
Dodging        | |  1.7
Conjurations   | |  0.7

Action                   |  1- 3 |  4- 6 |  7- 9 || total
-------------------------+-------+-------+-------++-------
Melee: Mace              |    12 |       |       ||    12
       Short sword       |    52 |   160 |    81 ||   293
Throw: Stone             |     1 |    17 |       ||    18
       Tomahawk          |       |     3 |    10 ||    13
 Cast: Freeze            |    29 |    24 |     8 ||    61
       Ozocubu's Armour  |       |     3 |    12 ||    15
       Summon Ice Beast  |       |     1 |     3 ||     4
Evoke: Wand              |       |       |     7 ||     7
  Use: Scroll            |       |       |     8 ||     8
       Potion            |       |       |     1 ||     1
 Stab: Sleeping          |     1 |     8 |       ||     9
       Confused          |       |       |     2 ||     2
  Eat: Chunk             |    17 |    28 |    10 ||    55
Armor: Robe              |    24 |    58 |    13 ||    95
Dodge: Dodged            |    58 |   134 |    61 ||   253

Levels and vault maps discovered:
D:1:      doesnt_arrival_eight_statues, layout_basic
D:2:      wander_river, layout_basic, gammafunk_temple_overflow_elements,
          yredelemnul_forgotten_temple_becter, first_ration,
          nemelex_lonely_heart_becter
D:3:      layout_rooms, gammafunk_temple_overflow_statue
D:4:      layout_basic
D:5:      layout_rooms, kennysheep_little_box, gammafunk_ghost_nasty_kobolds,
          kennysheep_generic_room_11
D:6:      layout_basic

Table legend:
 A = Turns spent in this place as a percentage of turns spent in the entire game.
 B = Non-inter-level travel turns spent in this place as a percentage of non-inter-level travel turns spent in the entire game.
 C = Inter-level travel turns spent in this place as a percentage of turns spent in this place.
 D = Turns resting spent in this place as a percentage of non-inter-level travel turns spent in this place.
 E = Turns spent auto-exploring this place as a percentage of non-inter-level travel turns spent in this place.
 F = Non-inter-level travel turns spent in this place divided by the number of levels of this place that you've seen.
                   A       B       C       D       E      F
               +-------+-------+-------+-------+-------+----------------------
         Total | 100.0 | 100.0 |   4.5 |  31.4 |  45.7 | 926.8
       Dungeon | 100.0 | 100.0 |   4.5 |  31.4 |  45.7 | 926.8
               +-------+-------+-------+-------+-------+----------------------

Table legend:
 A = Kills in this place as a percentage of kills in entire the game.
 B = Kills by you in this place as a percentage of kills by you in the entire game.
 C = Kills by friends in this place as a percentage of kills by friends in the entire game.
 D = Other kills in this place as a percentage of other kills in the entire game.
 E = Experience gained in this place as a percentage of experience gained in the entire game.
 F = Experience gained in this place divided by the number of levels of this place that you have seen.
                   A       B       C       D       E      F
               +-------+-------+-------+-------+-------+----------------------
         Total | 100.0 | 100.0 |   N/A |   N/A | 100.0 | 183.8
       Dungeon | 100.0 | 100.0 |   N/A |   N/A | 100.0 | 183.8
               +-------+-------+-------+-------+-------+----------------------
